 Dungeon Crawl Stone Soup version 0.29-a0-577-gafbf2c5d25 (webtiles) character file.

Game seed: 5859884228301433917

9 DocClef the Sneak (level 2, -2/26 HPs)
             Began as a Draconian Delver on June 13, 2022.
             Slain by an ice beast (6 damage)
             ... on level 5 of the Dungeon.
             The game lasted 00:00:11 (35 turns).

DocClef the Sneak (Draconian Delver)                  Turns: 35, Time: 00:00:12

Health: -2/26      AC:  4    Str: 14    XL:     2   Next: 6%
Magic:  2/2        EV: 12    Int: 10    God:
Gold:   0          SH:  0    Dex: 12    Spells: 1/1 levels left

rFire   . . .      SeeInvis .   a - +0 short sword
rCold   . . .      Faith    .   (no shield)
rNeg    . . .      Spirit   .   (body armour unavailable)
rPois   .          Reflect  .   (helmet restricted)
rElec   .          Harm     .   (no cloak)
rCorr   .          Rampage  .   (no gloves)
Will    .....                   (no boots)
Stlth   +++.......              (no amulet)
HPRegen 0.08/turn               (no ring)
MPRegen 0.08/turn               (no ring)

@: slowed, very slow
A: AC +4, unfitting armour, cold-blooded
a: no special abilities


You were on level 5 of the Dungeon.
You visited 1 branch of the dungeon, and saw 1 of its levels.

Inventory:

Hand Weapons
 a - a +0 short sword (weapon)
Wands
 f - a wand of digging (3)
Scrolls
 b - a scroll of fog
 d - a scroll of fear
Potions
 e - a potion of haste


   Skills:
 + Level 3.4 Fighting
 + Level 2.0 Short Blades
 + Level 1.8 Dodging
 + Level 4.8 Stealth


You had one spell level left.
You didn't know any spells.
Your spell library was empty.

Dungeon Overview and Level Annotations

Branches:
Dungeon (5/15)             Temple (0/1) D:5

Altars:


Innate Abilities, Weirdness & Mutations

Your plain brown scales are hard. (AC +4)
You cannot fit into any form of body armour.
You are cold-blooded and may be slowed by cold attacks.


Message History

You barely miss the adder.
The adder is severely wounded.
The adder bites you. The adder misses you.
You closely miss the adder.
The adder is severely wounded.
The adder bites you but does no damage.
You hit the adder.
Your tail-slap misses the adder.
Your punch misses the adder.
The adder is severely wounded.
The adder bites you.
You closely miss the adder.
The adder is severely wounded.
The adder bites you but does no damage.
You hit the adder.
You kill the adder!
You have reached level 2!
Found 14 gold pieces and a ring mail.
The ice beast closely misses you.
You barely miss the ice beast. The ice beast closely misses you.
You hit the ice beast but do no damage. The ice beast barely misses you.
You closely miss the ice beast. The ice beast barely misses you.
You closely miss the ice beast. The ice beast closely misses you.
You hit the ice beast.
Your tail-slap misses the ice beast.
The ice beast is lightly wounded.
The ice beast hits you but does no damage.
You hit the ice beast but do no damage.
The ice beast is lightly wounded.
The ice beast barely misses you.
You hit the ice beast.
The ice beast is lightly wounded.
The ice beast hits you. The ice beast freezes you!
Ouch! That really hurt!
* * * LOW HITPOINT WARNING * * *
Unknown command.
You hit the ice beast but do no damage.
Your tail-slap misses the ice beast.
The ice beast is lightly wounded.
The ice beast hits you.
* * * LOW HITPOINT WARNING * * *
The ice beast freezes you.
You feel yourself slow down.
You die...

*****,***,,,,,,,,,**,**
*,*,,,,.....#.....#*
*****,*,*,*#.....$[....#
,,,,,,,,,,*#..##...##..#
,,,,,,,**###..##...##..#
,****,,,,..............#***
,* *,,****#.....>....<.,,*
,* *,,** #[...Y.....#**,*
,****,,,* *#.##@..##.# *,*
,,,,,,,,*####.##...##.# *,#
,,****,,,.............# *.#
,,****,,*######.#.#..##*#.#*
,,,,,,,,* #..†#..#*#.!.**
,,,,,,,,** ###.#..##.#.#,##
*,,,,,,,,***
#.#..#.##.##.###*
*******,**,**
#.#?...........,* *,**,,*
**#.##.#.##.##.#*,*


You could see an ice beast.

Vanquished Creatures
  An adder (D:5)
1 creature vanquished.

Vanquished Creatures (others)
  2 fungi (D:5)
2 creatures vanquished.

Grand Total: 3 creatures vanquished

Notes
Turn   | Place    | Note
-------+----------+-------------------------------------------
     0 | D:5      | DocClef the Draconian Delver began the quest for the Orb.
     0 | D:5      | Reached XP level 1. HP: 19/19 MP: 1/1
     9 | D:5      | Found a staircase to the Ecumenical Temple.
    10 | D:5      | Noticed an ice beast
    25 | D:5      | Reached XP level 2. HP: 21/26 MP: 2/2
    35 | D:5      | Slain by an ice beast

Illustrated notes

Levels and vault maps discovered:
D:5:      old_forge, layout_loops_ring, minmay_temple_entry_stoned_glass,
          portal_sewer_entry_d, uniq_grinder

Action                   || total
-------------------------++-------
Melee: Short sword       ||    19
  Use: Scroll            ||     1
Armor: Skin              ||     4
Dodge: Dodged            ||    14

Table legend: (Time is in decaauts)
 A = Elapsed time spent in this place.
 B = Non-inter-level travel time spent in this place.
 C = Inter-level travel time spent in this place.
 D = Time resting spent in this place.
 E = Time spent auto-exploring this place.
 F = Levels seen in this place.
 G = Mean time per level.
                   A        B        C        D        E       F      G
               +--------+--------+--------+--------+--------+-----+--------+
         Total |     35 |     26 |      9 |      0 |      0 |   1 |   35.0 |
       Dungeon |     35 |     26 |      9 |      0 |      0 |   1 |   35.0 |
               +--------+--------+--------+--------+--------+-----+--------+

Top non-repeatable levels by time:
     D:5: 35 daAuts
